 Dungeon Crawl Stone Soup version 0.17-a0-755-g4391640 (webtiles) character file.

410 oplop the Vexing (level 6, -5/28 HPs)
             Began as a Vine Stalker Enchanter on Apr 22, 2015.
             Slain by an orc priest
             ... wielding a +4 hand axe
              (6 damage)
             ... on level 4 of the Dungeon.
             The game lasted 00:11:02 (3184 turns).

oplop the Vexing (Vine Stalker Enchanter)           Turns: 3184, Time: 00:11:02

Health: -5/28      AC:  7    Str: 11    XL:     6   Next: 89%
Magic:  0/13       EV: 12    Int: 15    God:
Gold:   122        SH:  0    Dex: 16    Spells: 3 memorised, 7 levels left

rFire  . . .     SeeInvis .     a - +1 dagger
rCold  . . .     Clarity  .     b - +1 robe
rNeg   . . .     SustAb   .     (no shield)
rPois  .         Gourm    .     j - +0 helmet
rElec  .         Spirit   +     q - +0 cloak
rCorr  .         Warding  .     f - +0 pair of gloves
rMut   .         Stasis   .     (no boots)
MR     .....                    (no amulet)
Stlth  +++.......               (no ring)
                                (no ring)

@: not resistant to hostile enchantments, fairly stealthy
A: fangs 2, regeneration 2, shaggy fur 1, magic shield, antimagic bite, no
device heal 3, rot immunity
a: no special abilities


You were on level 4 of the Dungeon.
You were not hungry.

You visited 1 branch of the dungeon, and saw 4 of its levels.

You collected 122 gold pieces.

Inventory:

Hand weapons
 a - a +1 dagger (weapon)
 p - a +0 great mace of holy wrath
 w - a +0 short sword of holy wrath
Armour
 b - a +1 robe (worn)
 f - a +0 pair of gloves (worn)
 j - a +0 helmet (worn)
 q - a +0 cloak (worn)
Jewellery
 i - an uncursed ring of protection from magic {unknown}
 B - the ring "Miyr" {rElec MR+ Str-5 Int+2, unknown}
   (You found it on level 4 of the Dungeon)

   [ring of protection from magic]

   It affects your strength (-5).
   It affects your intelligence (+2).
   It insulates you from electricity.
   It affects your resistance to hostile enchantments.
Magical devices
 v - a wand of magic darts (29)
Scrolls
 e - 4 scrolls of identify {unknown}
 h - a scroll of noise {unknown}
 l - a scroll of magic mapping {unknown}
 m - a scroll of blinking {unknown}
 o - a scroll of random uselessness {unknown}
 r - 2 scrolls of enchant armour {unknown}
 s - a scroll of fog {unknown}
 t - a scroll of remove curse {unknown}
 x - a scroll of amnesia {unknown}
 y - a scroll of teleportation {unknown}
Potions
 g - 2 potions of magic {unknown}
 n - a potion of might {unknown}
 u - 2 potions of mutation {unknown}
 z - 2 potions of invisibility {unknown}
 A - a potion of berserk rage {unknown}
Books
 c - a book of Maledictions

   Spells                             Type                      Level
   a - Corona                         Hexes                        1
   b - Ensorcelled Hibernation        Hexes/Ice                    2
   c - Confuse                        Hexes                        3
   d - Tukima's Dance                 Hexes                        3
   e - Dazzling Spray                 Conjuration/Hexes            3
Comestibles
 d - 2 bread rations
 k - 3 meat rations


   Skills:
 - Level 0.1 Fighting
 + Level 3.6 Short Blades
 - Level 1.5 Dodging
 - Level 3.6 Stealth
 + Level 4.4 Spellcasting
 + Level 4.8 Hexes


You had 7 spell levels left.
You knew the following spells:

 Your Spells              Type           Power        Failure   Level  Hunger
a - Corona                Hex            ###....      2%          1    None
b - Ensorcelled Hibernat  Hex/Ice        ##....       12%         2    ##.....
c - Confuse               Hex            ###.....     10%         3    ###....


Dungeon Overview and Level Annotations

Branches:
Dungeon (4/15)
 Temple: D:4-7

Altars:
Ashenzari
Dithmenos


Innate Abilities, Weirdness & Mutations

You have extremely sharp teeth.
You heal very quickly.
You are covered in fur (AC +1).
When hurt, damage is shared between your health and your magic reserves.
Your bite disrupts and absorbs the magic of your enemies.
Potions and wands cannot restore your health.
You are immune to rotting.


Message History

The orc priest is lightly wounded.
The orc priest barely misses you. The orc hits you but does no damage.
You hit the orc priest but do no damage.
The orc priest is lightly wounded.
You hit the orc priest.
The orc priest is lightly wounded.
The orc hits you but does no damage.
The orc priest hits you with an enchanted hand axe.
* * * LOW HITPOINT WARNING * * *
You hit the orc priest.
You bite the orc priest, but do no damage.
The orc priest is moderately wounded.
The orc barely misses you.
The orc priest hits you with an enchanted hand axe.
* * * LOW HITPOINT WARNING * * *
You hit the orc priest but do no damage.
The orc priest is moderately wounded.
The orc priest stops glowing.
The orc barely misses you.
The orc priest hits you with an enchanted hand axe.
You die...

###############
#.....).........
#.# #o# #@#
##o##
#.####...####.#
#......_......#
######...######
# ##.## ##.[ #.#
###.. #.# #...##
#.# #...##


You could see an orc priest and an orc.

Vanquished Creatures
  The ghost of ololoev the Digger, an average DgWn (D:4)
  An orc priest (D:4)
  An orc wizard (D:4)
  A gnoll shaman (D:3)
  A worker ant (D:2)
  Robin (D:3)
  4 adders
  3 gnolls (D:3)
  2 oozes
  2 giant geckos (D:1)
  5 orcs
  7 giant cockroaches
  10 hobgoblins
  9 bats
  2 giant newts (D:1)
  18 goblins
  9 kobolds
  6 rats
83 creatures vanquished.

Notes
Turn   | Place    | Note
--------------------------------------------------------------
     0 | D:1      | oplop, the Vine Stalker Enchanter, began the quest for the Orb.
     0 | D:1      | Reached XP level 1. HP: 9/9 MP: 4/4
   126 | D:1      | Reached skill level 1 in Short Blades
   143 | D:1      | Reached XP level 2. HP: 10/13 MP: 4/6
   144 | D:1      | Found a shattered altar of Ashenzari.
  1027 | D:2      | Reached XP level 3. HP: 16/16 MP: 7/7
  1304 | D:2      | Learned a level 2 spell: Ensorcelled Hibernation
  1522 | D:2      | Reached XP level 4. HP: 18/21 MP: 3/9
  2103 | D:3      | Noticed Robin
  2169 | D:3      | Reached skill level 4 in Hexes
  2169 | D:3      | Reached XP level 5. HP: 19/24 MP: 8/11
  2183 | D:3      | Killed Robin
  2610 | D:4      | Noticed ololoev's ghost (average DgWn)
  2619 | D:3      | Learned a level 3 spell: Confuse
  2945 | D:4      | Killed ololoev's ghost
  2945 | D:4      | Gained mutation: You heal very quickly. [Vine Stalker growth]
  2945 | D:4      | Reached XP level 6. HP: 19/28 MP: 11/13
  3105 | D:4      | Got a crude platinum ring
  3129 | D:4      | Found a shadowy altar of Dithmenos.
  3183 | D:4      | HP: 1/28 [orc priest/enchanted hand axe (4)]
  3184 | D:4      | Slain by an orc priest

Action                   |  1- 3 |  4- 6 || total
-------------------------+-------+-------++-------
Melee: Dagger            |   135 |   224 ||   359
 Cast: Corona            |     4 |     6 ||    10
       Ensorcelled Hiber |     2 |    14 ||    16
       Confuse           |       |    14 ||    14
  Use: Potion            |     2 |       ||     2
 Stab: Sleeping          |     2 |    10 ||    12
       Confused          |       |     6 ||     6
  Eat: Chunk             |     2 |     6 ||     8
       Beef jerky        |       |     1 ||     1
